 Dungeon Crawl Stone Soup version 0.22-a0-252-gcace5d2 (webtiles) character file.

99 sankara the Chopper (level 4, -9/39 HPs)
             Began as a Hill Orc Fighter on Mar 1, 2018.
             Mangled by an ogre
             ... wielding a +0 giant club
              (27 damage)
             ... on level 4 of the Dungeon.
             The game lasted 00:04:02 (1600 turns).

sankara the Chopper (Hill Orc Fighter)              Turns: 1600, Time: 00:04:03

Health: -9/39      AC:  6    Str: 18    XL:     4   Next: 72%
Magic:  4/4        EV:  7    Int:  9    God:
Gold:   147        SH: 10    Dex: 10    Spells: 3/3 levels left

rFire    . . .     SeeInvis .   a - +0 war axe
rCold    . . .     Gourm    .   c - +1 shield
rNeg     + . .     Faith    .   b - +0 scale mail
rPois    .         Spirit   .   (no helmet)
rElec    .         Reflect  .   (no cloak)
rCorr    .         Harm     .   (no gloves)
MR       .....                  (no boots)
Stlth    ..........             (no amulet)
HPRegen  0.13/turn              s - ring of positive energy {rN+}
MPRegen  0.09/turn              (no ring)

@: very slightly contaminated
A: no striking features
a: no special abilities


You were on level 4 of the Dungeon.
You were not hungry.

You visited 1 branch of the dungeon, and saw 4 of its levels.

You collected 147 gold pieces.

Inventory:

Hand Weapons
 a - a +0 war axe (weapon)
Missiles
 k - 34 stones (quivered)
 o - 4 javelins of returning
Armour
 b - a +0 scale mail (worn)
 c - a +1 shield (worn)
 r - a +0 ring mail of cold resistance
   (You found it on level 2 of the Dungeon)
Jewellery
 s - a ring of positive energy (left hand) {rN+}
   (You found it on level 2 of the Dungeon)
Scrolls
 i - a scroll of fog
 m - 2 scrolls of remove curse {unknown}
 n - a scroll of immolation {unknown}
 p - a scroll of amnesia
Potions
 d - a potion of might
 l - 2 potions of heal wounds {unknown}
 q - 2 potions of curing {unknown}
Comestibles
 f - 4 rations
 g - a chunk of flesh {@w0}


   Skills:
 - Level 3.6 Fighting
 + Level 6.3 Axes
 - Level 3.2 Armour
 - Level 3.2 Shields


You had 3 spell levels left.
You didn't know any spells.

Dungeon Overview and Level Annotations

Branches:
Dungeon (4/15)
 Temple: D:4-7

Altars:
Dithmenos
Nemelex Xobeh

Annotations:
D:3 Sigmund


Message History

HP restored.
You climb downwards.
Level annotation: Sigmund
There is a stone staircase leading up here.
You block the bat's attack. The bat hits you but does no damage.
You block the bat's attack. The bat hits you but does no damage.
You block the bat's attack.
You block the bat's attack. x2; The bat hits you but does no damage.
You miss the bat. You block the bat's attack. The bat completely misses you.
Your shield and scale mail prevent you from hitting the bat.
The bat closely misses you.
You closely miss the bat. You block the bat's attack.
The bat closely misses you.
You slash the bat!
You kill the bat!
No target in view!
You see here a bat corpse.
You butcher the bat corpse.
g - 2 chunks of flesh {@w0} (gained 1)
You see here a bat skeleton.
Found a stone staircase leading down.
q - 2 fizzy brown potions (gained 1)
You now have 147 gold pieces (gained 7).
There is a stone staircase leading down here.
You climb downwards.
You hear the sound of rushing water.
There is an entrance to a sewer on this level.
Hurry and find it before the portal rusts away!
A frilled lizard and a worker ant come into view.
The frilled lizard hisses angrily.
There is a stone staircase leading up here.
As you read the scroll labeled ESAMNEXTOL, it crumbles to dust.
It is a scroll of enchant armour.
Your +0 shield glows green for a moment.
As you read the scroll labeled FAIMAC SEGUBB, it crumbles to dust.
It is a scroll of amnesia.
You feel forgetful for a moment.
You hit the frilled lizard.
The frilled lizard is heavily wounded.
The frilled lizard bites you but does no damage.
You slash the frilled lizard!
You kill the frilled lizard!
You hit the worker ant but do no damage.
You block the worker ant's attack.
You completely miss the worker ant. You block the worker ant's attack.
The worker ant bites you but does no damage.
You hit the worker ant.
The worker ant is moderately wounded.
You block the worker ant's attack. x2
You closely miss the worker ant.
The worker ant is moderately wounded.
The worker ant bites you.
You slash the worker ant!
The worker ant is severely wounded.
The worker ant bites you. You block the worker ant's attack.
Some of the chunks of flesh in your inventory have rotted away.
You completely miss the worker ant.
The worker ant is severely wounded.
You block the worker ant's attack.
You hit the worker ant.
The worker ant is almost dead.
The worker ant bites you. You block the worker ant's attack.
You barely miss the worker ant.
The worker ant is almost dead.
You block the worker ant's attack.
You hit the worker ant.
You kill the worker ant!
Your life force feels restored.
Your Axes skill increases to level 6!
There is a stone staircase leading up, spattered with blood here.
As you read the scroll labeled MAB SADGHA VUD, it crumbles to dust.
You feel strangely unstable.
It was a scroll of teleportation.
As you read the scroll labeled PAXIFIJOMN, it crumbles to dust.
You assume a fearsome visage.
Nothing appears to happen.
It was a scroll of fear.
Blink to where?
Press: ? - help, Dir - move target cursor You are very lightly contaminated with residual magic.
As you read the scroll labeled TEENTYSUBB, it crumbles to dust.
It was a scroll of blinking.
Found a scroll labeled QOCRUGR YDWEUSK.
Found a stone staircase leading up.
As you read the scroll labeled VEDDEW CIWN, it crumbles to dust.
The scroll dissolves into smoke.
It was a scroll of fog.
Your surroundings suddenly seem different.
An ogre comes into view. It is wielding a giant club.
The ogre shouts!
The ogre hits you with a giant club!
A quokka comes into view.
You closely miss the quokka.
The quokka bites you but does no damage.
The quokka bites you.
You slash the quokka!
You kill the quokka!
You barely miss the ogre. The ogre hits you with a giant club.
You slash the ogre!
The ogre is moderately wounded.
The ogre hits you with a giant club!!
Ouch! That really hurt!
You die...

####
..#
#.#
#@#
#O#
#.#
#..#
#..#
#...
#...
#...#
#...#


You could see an ogre.

Vanquished Creatures
  A worker ant (D:4)
  4 adders
  A worm (D:2)
  A leopard gecko (D:1)
  6 bats
  3 goblins (D:1)
  6 hobgoblins
  4 jackals (D:2)
  A kobold (D:1)
  A quokka (D:4)
  4 frilled lizards
  2 rats (D:1)
34 creatures vanquished.

Notes
Turn   | Place    | Note
-------+----------+-------------------------------------------
     0 | D:1      | sankara the Hill Orc Fighter began the quest for the Orb.
     0 | D:1      | Reached XP level 1. HP: 19/19 MP: 1/1
    44 | D:1      | Reached skill level 3 in Axes
   146 | D:1      | Reached XP level 2. HP: 22/26 MP: 2/2
   261 | D:1      | Reached skill level 4 in Axes
   693 | D:2      | Reached XP level 3. HP: 27/31 MP: 3/3
   711 | D:2      | Reached skill level 5 in Axes
   819 | D:2      | Found a shadowy altar of Dithmenos.
  1092 | D:2      | Found a sparkling altar of Nemelex Xobeh.
  1113 | D:2      | Reached XP level 4. HP: 39/39 MP: 4/4
  1319 | D:3      | Noticed Sigmund
  1588 | D:4      | Reached skill level 6 in Axes
  1594 | D:4      | Noticed an ogre
  1600 | D:4      | Mangled by an ogre

Vault maps used:
D:1:      mrwooster_arrival_statue_3, minmay_unequal
D:2:      nicolae_dithmenos_through_a_glass_darkly, nemelex_altar_shiori
D:3:      evilmike_ruin_ashenzari, uniq_robin, uniq_sigmund
D:4:      grunt_temple_overflow_open, nicolae_overflow_hidden_temple,
          cheibrodos_sewer_entry_drain, minmay_door_square, lemuel_flame_loot_1

Skill      XL: |  1  2  3  4 |
---------------+-------------+-----
Axes           | 3 4 5 6 |  6.3
Fighting       | |  3.6
Armour         | |  3.2
Shields        | |  3.2

Action                   |  1- 3 |  4- 6 || total
-------------------------+-------+-------++-------
Melee: War axe           |   107 |    30 ||   137
  Use: Scroll            |       |     6 ||     6
  Eat: Chunk             |     1 |     1 ||     2
Armor: Scale mail        |    59 |    10 ||    69
Dodge: Dodged            |    35 |     7 ||    42
Block: Shield            |    58 |    17 ||    75

Table legend:
 A = Spawn XP
 B = Non-spawn XP
 C = Spawn XP percentage of total XP
 D = Spawn monster count
 E = Non-spawn monster count
 F = Spawn count percentage of total count
 G = Total turns spent on level
                    A         B        C        D         E        F      G
               +---------+---------+-------+---------+---------+-------+---------
         Total |       0 |     142 |   0.0 |       0 |      34 |   0.0 |  1600
               +---------+---------+-------+---------+---------+-------+---------
           D:1 |       0 |      27 |   0.0 |       0 |      16 |   0.0 |   619
           D:2 |       0 |      61 |   0.0 |       0 |      13 |   0.0 |   907
           D:3 |       0 |      15 |   0.0 |       0 |       2 |   0.0 |    49
           D:4 |       0 |      39 |   0.0 |       0 |       3 |   0.0 |    25
               +---------+---------+-------+---------+---------+-------+---------

Vault maps used:
D:1:      mrwooster_arrival_statue_3, minmay_unequal
D:2:      nicolae_dithmenos_through_a_glass_darkly, nemelex_altar_shiori
D:3:      evilmike_ruin_ashenzari, uniq_robin, uniq_sigmund
D:4:      grunt_temple_overflow_open, nicolae_overflow_hidden_temple,
          cheibrodos_sewer_entry_drain, minmay_door_square, lemuel_flame_loot_1

Table legend:
 A = Turns spent in this place as a percentage of turns spent in the entire game.
 B = Non-inter-level travel turns spent in this place as a percentage of non-inter-level travel turns spent in the entire game.
 C = Inter-level travel turns spent in this place as a percentage of turns spent in this place.
 D = Turns resting spent in this place as a percentage of non-inter-level travel turns spent in this place.
 E = Turns spent auto-exploring this place as a percentage of non-inter-level travel turns spent in this place.
 F = Non-inter-level travel turns spent in this place divided by the number of levels of this place that you've seen.
                   A       B       C       D       E      F
               +-------+-------+-------+-------+-------+----------------------
         Total | 100.0 | 100.0 |   3.7 |  25.0 |  52.4 | 385.2
       Dungeon | 100.0 | 100.0 |   3.7 |  25.0 |  52.4 | 385.2
               +-------+-------+-------+-------+-------+----------------------

Table legend:
 A = Kills in this place as a percentage of kills in entire the game.
 B = Kills by you in this place as a percentage of kills by you in the entire game.
 C = Kills by friends in this place as a percentage of kills by friends in the entire game.
 D = Other kills in this place as a percentage of other kills in the entire game.
 E = Experience gained in this place as a percentage of experience gained in the entire game.
 F = Experience gained in this place divided by the number of levels of this place that you have seen.
                   A       B       C       D       E      F
               +-------+-------+-------+-------+-------+----------------------
         Total | 100.0 | 100.0 |   N/A |   N/A | 100.0 |  35.5
       Dungeon | 100.0 | 100.0 |   N/A |   N/A | 100.0 |  35.5
               +-------+-------+-------+-------+-------+----------------------
